 Dungeon Crawl Stone Soup version 0.28.0-1-gb440e238dd (webtiles) character file.

Game seed: 18100016187348358702

85 themarg the Caller (level 4, -4/30 HPs)
             Began as a Merfolk Summoner on Feb 19, 2022.
             Slain by a goblin (5 damage)
             ... led by Robin
             ... on level 2 of the Dungeon.
             The game lasted 00:07:46 (2466 turns).

themarg the Caller (Merfolk Summoner)               Turns: 2466, Time: 00:07:46

Health: -4/30      AC:  2    Str:  8    XL:     4   Next: 48%
Magic:  2/8        EV: 12    Int: 16    God:
Gold:   37         SH:  0    Dex: 14    Spells: 4/8 levels left

rFire   . . .      SeeInvis .   b - +0 spear
rCold   . . .      Faith    .   (no shield)
rNeg    . . .      Spirit   .   a - +0 robe
rPois   .          Reflect  .   (no helmet)
rElec   .          Harm     .   (no cloak)
rCorr   .          Rampage  .   (no gloves)
Will    .....                   (no boots)
Stlth   ++........              (no amulet)
HPRegen 0.10/turn               (no ring)
MPRegen 0.11/turn               (no ring)

@: no status effects
A: (nimble swimmer 2), mertail
a: no special abilities


You were on level 2 of the Dungeon.
You visited 1 branch of the dungeon, and saw 2 of its levels.

You collected 37 gold pieces.

Inventory:

Hand Weapons
 b - a +0 spear (weapon)
Missiles
 c - 14 stones
Armour
 a - a +0 robe (worn)
Wands
 j - a wand of digging (5)
Scrolls
 d - 2 scrolls of identify {unknown}
 h - a scroll of teleportation {unknown}
 i - a scroll of immolation {unknown}
Potions
 e - 2 potions of brilliance {unknown}
 f - a potion of curing {unknown}
 g - a potion of heal wounds {unknown}
 k - a potion of invisibility {unknown}


   Skills:
 + Level 0.3 Fighting
 + Level 1.5 Polearms
 + Level 2.8 Dodging
 + Level 3.0 Stealth
 + Level 2.7 Spellcasting
 + Level 4.7 Summonings


You had 4 spell levels left.
You knew the following spells:

 Your Spells              Type           Power      Damage    Failure   Level
a - Summon Small Mammal   Summ           68%        N/A       2%          1
b - Call Canine Familiar  Summ           17%        N/A       9%          3

Your spell library contained the following spells:

 Spells                   Type           Power      Damage    Failure   Level
 Call Imp                 Summ           17%        N/A       4%          2
 Magic Dart               Conj           8%         1d3       19%         1
 Summon Guardian Golem    Hex/Summ       9%         N/A       22%         3
 Corpse Rot               Necr/Air       4%         N/A       28%         2
 Poisonous Vapours        Pois/Air       4%         N/A       28%         2
 Searing Ray              Conj           4%         2d4       28%         2
 Summon Lightning Spire   Summ/Air       9%         N/A       58%         4
 Fulminant Prism          Conj/Hex       1%         3d6       88%         4


Dungeon Overview and Level Annotations

Branches:
Dungeon (2/15)

Altars:


Innate Abilities, Weirdness & Mutations

((You are very nimble when in or above water. (Stealth+, EV+, Speed+++)))
Your lower body shifts to a powerful aquatic tail in water.


Message History

Your quokka bites Robin but does no damage.
The goblin hits you with a +0 club. Robin throws the goblin at you!
Your hound bites Robin but does no damage.
The goblin hits you with a +0 dagger.
You hit the goblin.
The goblin is severely wounded.
Your quokka closely misses Robin.
Your hound bites Robin but does no damage.
The goblin closely misses you. Robin throws the goblin at you!
The goblin misses you. The goblin closely misses you.
Your quokka barely misses Robin.
You hit the goblin.
You kill the goblin!
Your hound bites Robin.
Robin hits your hound with a +0 mace.
Your hound bites Robin but does no damage.
The goblin misses you.
Your quokka bites Robin.
Robin dies!
The goblin barely misses you.
Your Stealth skill increases to level 3!
You barely miss the goblin.
Your quokka disappears in a puff of smoke!
Your hound disappears in a puff of smoke!
The goblin hits you with a +0 dagger.
* * * LOW HITPOINT WARNING * * *
The goblin hits you with a +0 dagger.
* * * LOW HITPOINT WARNING * * *
Casting: Call Canine Familiar (quite dangerous; 9% risk of failure)
Confirm with . or Enter, or press ? or * to list all spells.
The spell is quite dangerous to miscast (9% risk of failure)!
Continue anyway?
The goblin closely misses you. The goblin hits you with a +0 dagger.
* * * LOW HITPOINT WARNING * * *
Casting: Call Canine Familiar (quite dangerous; 9% risk of failure)
Confirm with . or Enter, or press ? or * to list all spells.
The goblin misses you. x2
You completely miss the goblin.
The goblin no longer looks unusually strong.
Your hound bites the goblin.
The goblin hits you with a +0 dagger.
* * * LOW HITPOINT WARNING * * *
The goblin hits you with a +0 dagger.
You die...

........#+####
#....>..# ######
#.......# #.....
.......# #.....
#....# #...##
#....# #...# #....#
#...# ###g...#
#...# #g@)...#
#...#
#h####.#######...##
.)b #.......#...#.
#### #.......#...#.
#.......#...#.
#.#######...## #.#
#...# #.# #...# #.#
#...#


You could see 2 goblins, a friendly hound (summoned) and a friendly bat
(summoned).

Vanquished Creatures
  A worm (D:2)
  2 dart slugs
  A ball python (D:1)
  3 bats
  An endoplasm (D:1)
  2 goblins
  3 frilled lizards (D:1)
  A kobold (D:1)
  A rat (D:1)
15 creatures vanquished.

Vanquished Creatures (collateral kills)
  Natasha (D:2)
  Robin (D:2)
  An adder (D:2)
  2 bats (D:1)
  2 endoplasms
  A giant cockroach (D:1)
  3 quokkas
  A ball python (D:1)
  2 frilled lizards (D:1)
  3 goblins (D:2)
  2 rats (D:1)
19 creatures vanquished.

Vanquished Creatures (others)
  A plant (D:1)
1 creature vanquished.

Grand Total: 35 creatures vanquished

Notes
Turn   | Place    | Note
-------+----------+-------------------------------------------
     0 | D:1      | themarg the Merfolk Summoner began the quest for the Orb.
     0 | D:1      | Reached XP level 1. HP: 13/13 MP: 3/3
   274 | D:1      | Reached XP level 2. HP: 17/19 MP: 1/5
   325 | D:1      | Found a faded altar of an unknown god.
  1644 | D:2      | Reached XP level 3. HP: 19/24 MP: 4/6
  1710 | D:2      | Learned a level 3 spell: Call Canine Familiar
  2068 | D:2      | Reached skill level 1 in Polearms
  2210 | D:2      | Noticed Natasha
  2227 | D:2      | Killed Natasha
  2228 | D:2      | Reached XP level 4. HP: 23/30 MP: 1/8
  2451 | D:2      | Noticed Robin
  2462 | D:2      | Killed Robin
  2466 | D:2      | HP: 1/30 [goblin[Robin] (2)]
  2466 | D:2      | Slain by a goblin

Illustrated notes

Levels and vault maps discovered:
D:1:      dpeg_arrival_fog, layout_basic,
          shapermc_ecumenical_altar_mp_ritualfount
D:2:      layout_basic, serial_co_window_serial, co_window_paths_a,
          co_window_corner_a, co_window_paths_a, co_window_paths_b,
          co_window_paths_a, co_window_2corner, co_window_cross_3,
          co_window_corner_ca, co_window_unsneaky_path_c, co_window_paths_c,
          co_window_4corner_b, glass_columns_c, glass_columns_a, uniq_terence,
          uniq_robin, uniq_jessica, uniq_natasha

Skill      XL: |  1  2  3  4 |
---------------+-------------+-----
Polearms       | 1 |  1.5
Stealth        | 3 |  3.0
Fighting       | |  0.3
Dodging        | |  2.8
Spellcasting   | |  2.7
Summonings     | |  4.7

Action                   |  1- 3 |  4- 6 || total
-------------------------+-------+-------++-------
Melee: Spear             |    91 |     8 ||    99
       Punch             |     1 |       ||     1
 Cast: Summon Small Mamm |    41 |     2 ||    43
       Call Canine Famil |       |     2 ||     2
 Stab: Sleeping          |     6 |       ||     6
       Distracted        |     1 |       ||     1
Armor: Robe              |    13 |     2 ||    15
Dodge: Dodged            |    50 |     9 ||    59
